 Dungeon Sprint DCSS version 0.24.0-125-gc4c63601f3 (webtiles) character file.

Game seed: 363472645327518273, levelgen mode: deterministic

1164 Ponchio the Earth Mage (level 8, -15/40 (41) HPs)
             Began as a Deep Elf Earth Elementalist on Feb 29, 2020.
             Killed from afar by Roxanne (55 damage)
             ... with an iron shot
             ... in the Dungeon (Sprint II: "The Violet Keep of Menkaure").
             The game lasted 00:02:57 (623 turns).

Ponchio the Earth Mage (Deep Elf Earth Elementalist) Turns: 623, Time: 00:02:58

HP:   -15/40 (41)   AC:  2    Str:  5    XL:     8   Next: 17%
MP:   27/27         EV: 13    Int: 23    God:
Gold: 972           SH:  0    Dex: 15    Spells: 19/34 levels left

rFire    . . .     SeeInvis .   (no weapon)
rCold    . . .     Gourm    .   (no shield)
rNeg     . . .     Faith    .   c - +0 robe
rPois    .         Spirit   .   (no helmet)
rElec    .         Reflect  .   (no cloak)
rCorr    .         Harm     .   (no gloves)
MR       .....     NoTele   +   (no boots)
Stlth    +.........             (no amulet)
HPRegen  0.13/turn              (no ring)
MPRegen  0.20/turn              (no ring)

@: very slow
A: no striking features
a: no special abilities


You were in the Dungeon.
You were not hungry.

You visited 1 branch You collected 972 gold pieces.

Inventory:

Missiles
 b - 8 stones (quivered)
Armour
 c - a +0 robe (worn)
Scrolls
 j - a scroll of blinking
Potions
 e - a potion of curing
 f - a potion of heal wounds
 h - a potion of magic
 i - a potion of berserk rage
Comestibles
 d - a ration


   Skills:
 - Level 2.4 Dodging
 - Level 2.4 Stealth
 + Level 13.9 Spellcasting
 - Level 1.1 Transmutations
 + Level 15.2 Earth Magic


You had 19 spell levels left.
You knew the following spells:

 Your Spells              Type           Power        Failure   Level  Hunger
a - Sandblast             Erth           ######       0%          1    None
b - Passwall              Tmut/Erth      ######..     1%          2    None
c - Stone Arrow           Conj/Erth      ######       1%          3    None
d - Petrify               Tmut/Erth      ######..     1%          4    None
e - Lee's Rapid Deconstr  Erth           ######....   1%          5    ###....

Your spell library contained the following spells:

 Spells                   Type           Power        Failure   Level  Hunger


Dungeon Overview and Level Annotations

Branches:
Dungeon (1/1)

Altars:

Annotations:
D Roxanne


Message History

Confirm with . or Enter, or press ? or * to list all spells.
Aiming: Lee's Rapid Deconstruction (safe; 1% risk of failure)
Press: ? - help, Dir - move target cursor, p - Menkaure A rock wall.
The wall shatters!
The blast of rock fragments hits Menkaure!!
You destroy Menkaure!
You start resting.
Magic restored.
You start resting.
All of the chunks of flesh in your inventory have rotted away.
HP restored.
There is an open door here.
Really walk into a travel-excluded area?
You enter the shallow water.
Moving in this stuff is going to be slow.
Roxanne casts a spell.
The iron shot hits you!!!
Ouch! That really hurt!
You die...

####+####
##§§§§§.≈##
##§§§§§§≈≈≈##
+§§§§§8§§≈.≈#
#§§§§§§≈≈≈#
#§§§§§≈§#
#≈≈#§§§#''§##
≈≈≈≈≈≈≈≈@≈.§#
≈≈≈≈≈##'##..#
≈≈≈ ##.#.##.# ≈
#.###.# ..
####†#.####..
##.###'###.##..
#.).##.##...# .
+.#.'.<.'.##+
#...##.##...#


You could see Roxanne.

Vanquished Creatures
  A merfolk siren (D)
  2 hippogriffs (D)
  Menkaure (D)
  4 necrophages (D)
  3 worms (D)
11 creatures vanquished.

Vanquished Creatures (others)
  A crocodile (D)
1 creature vanquished.

Grand Total: 12 creatures vanquished

Notes
Turn   | Place    | Note
-------+----------+-------------------------------------------
     0 | D        | Ponchio the Deep Elf Earth Elementalist began the quest for
                  | the Orb.
     0 | D        | Reached XP level 1. HP: 10/10 MP: 6/6
     1 | D        | Noticed a necrophage
     1 | D        | Noticed a necrophage
     1 | D        | Noticed a necrophage
     1 | D        | Noticed a necrophage
     9 | D        | Killed a necrophage
     9 | D        | Reached skill level 8 in Earth Magic
     9 | D        | Reached XP level 2. HP: 12/15 MP: 2/11
     9 | D        | Reached XP level 3. HP: 15/19 MP: 2/13
     9 | D        | Reached XP level 4. HP: 19/24 MP: 2/14
    16 | D        | Killed a necrophage
    16 | D        | Reached skill level 10 in Earth Magic
    16 | D        | Reached XP level 5. HP: 16/28 MP: 11/18
    19 | D        | Killed a necrophage
    19 | D        | Reached skill level 11 in Earth Magic
    20 | D        | Killed a necrophage
    20 | D        | Reached skill level 10 in Spellcasting
    20 | D        | Reached skill level 12 in Earth Magic
    20 | D        | Reached XP level 6. HP: 12/31 MP: 8/21
    38 | D        | Learned a level 2 spell: Passwall
    42 | D        | Learned a level 3 spell: Stone Arrow
    47 | D        | Learned a level 4 spell: Petrify
    53 | D        | Learned a level 5 spell: Lee's Rapid Deconstruction
   286 | D        | Noticed a merfolk siren
   289 | D        | Killed a merfolk siren
   289 | D        | Reached skill level 14 in Earth Magic
   289 | D        | Reached XP level 7. HP: 35/35 MP: 6/24
   383 | D        | Noticed a hippogriff
   383 | D        | Noticed a hippogriff
   385 | D        | Killed a hippogriff
   386 | D        | Killed a hippogriff
   386 | D        | Reached skill level 15 in Earth Magic
   386 | D        | Reached XP level 8. HP: 31/40 MP: 9/27
   474 | D        | Noticed Roxanne
   476 | D        | Noticed Menkaure
   484 | D        | Killed Menkaure
   623 | D        | Killed from afar by Roxanne

Levels and vault maps discovered:
D:        the_violet_keep_of_menkaure [sprint2_stairs_cluster_1,
          sprint2_shoproom, sprint2_temple, sprint2_basic_supplies,
          sprint2_obstacle_7, sprint2_obstacle_2, sprint2_obstacle_6,
          sprint2_obstacle_4, sprint2_obstacle_3, sprint2_timed_cluster_1,
          sprint2_smallroom_cluster_1, sprint2_smallroom_final_cluster_1,
          sprint2_transparent_cluster_1, sprint2_second_timed_cluster_1,
          sprint2_sniper_area_1, sprint2_heavy_combat_area_1,
          sprint2_mutation_trap_area_1, sprint2_forest_area_1,
          sprint2_light_combat_area_1, sprint2_behind_water_1,
          sprint2_near_end_vault_1]

Skill      XL: |  1  2  3  4  5  6  7 |
---------------+----------------------+-----
Spellcasting   | 6 8 10 12 13 | 13.9
Earth Magic    | 8 10 12 14 15 | 15.2
Dodging        | |  2.4
Stealth        | |  2.4
Transmutations | |  1.1

Action                   |  1- 3 |  4- 6 |  7- 9 || total
-------------------------+-------+-------+-------++-------
 Cast: Sandblast         |     3 |    18 |     1 ||    22
       Lee's Rapid Decon |       |     2 |     5 ||     7
  Use: Potion            |     1 |     1 |       ||     2
Armor: Robe              |     1 |       |       ||     1
Dodge: Dodged            |     2 |     3 |     2 ||     7
